 Dungeon Crawl Stone Soup version 0.23.2-40-g277498a001 (webtiles) character file.

Game seed: 16775784074960705654

109 Amplified the Ogre Mage (level 4, -7/45 HPs)
             Began as an Ogre Fire Elementalist on Sept 19, 2019.
             Was a Follower of Cheibriados.
             Mangled by an orc
             ... wielding a +0 trident
              (8 damage)
             ... on level 3 of the Dungeon.
             The game lasted 00:04:13 (1897 turns).

Amplified the Ogre Mage (Ogre Fire Elementalist)    Turns: 1897, Time: 00:04:14

Health: -7/45      AC:  3    Str: 15    XL:     4   Next: 89%
Magic:  0/9        EV: 10    Int: 25    God:    Cheibriados [*.....]
Gold:   102        SH:  0    Dex: 12    Spells: 7/10 levels left

rFire    . . .     SeeInvis .   b - +0 whip
rCold    . . .     Gourm    .   (no shield)
rNeg     . . .     Faith    .   a - +0 robe
rPois    +         Spirit   .   (helmet restricted)
rElec    .         Reflect  .   (no cloak)
rCorr    .         Harm     .   (gloves unavailable)
MR       .....                  (boots unavailable)
Stlth    ++........             (no amulet)
HPRegen  0.15/turn              e - ring of poison resistance
MPRegen  0.11/turn              (no ring)

@: brilliant, berserk cooldown, very slightly contaminated, slowed, very slow
A: large, unfitting armour, tough skin 1
a: Bend Time, Renounce Religion


You were on level 3 of the Dungeon.
You worshipped Cheibriados.
Cheibriados was aware of your devotion.
You were not hungry.

You visited 1 branch of the dungeon, and saw 3 of its levels.

You collected 102 gold pieces.

Inventory:

Hand Weapons
 b - a +0 whip (weapon)
Armour
 a - a +0 robe (worn)
Jewellery
 e - a ring of poison resistance (left hand)
Scrolls
 i - 5 scrolls of teleportation
Comestibles
 c - 4 rations
 j - 3 chunks of flesh


   Skills:
 * Level 3.1 Fighting
 - Level 1.7 Dodging
 - Level 1.4 Stealth
 * Level 3.6 Spellcasting
 - Level 1.5 Conjurations
 + Level 3.1 Fire Magic
 * Level 1.0 Invocations


You had 7 spell levels left.
You knew the following spells:

 Your Spells              Type           Power        Failure   Level  Hunger
a - Flame Tongue          Conj/Fire      ####.        1%          1    None
b - Throw Flame           Conj/Fire      ####..       1%          2    #......

Your spell library contained the following spells:

 Spells                   Type           Power        Failure   Level  Hunger
 Conjure Flame            Conj/Fire      ####....     1%          3    ##.....
 Inner Flame              Hex/Fire       ####....     1%          3    ##.....
 Sticky Flame             Conj/Fire      ####....     4%          4    ####...
 Fireball                 Conj/Fire      ####......   11%         5    ######.


Dungeon Overview and Level Annotations

Branches:
Dungeon (3/15)

Altars:
Cheibriados
Makhleb
Wu Jian
Yredelemnul


Innate Abilities, Weirdness & Mutations

You are too large for most types of armour.
You have tough skin. (AC +1)


Message History

Unknown command.
The gnoll hits you but does no damage. The orc hits you but does no damage.
The gnoll hits you but does no damage. x2; The orc hits you but does no damage.
The gnoll hits you but does no damage. x2; The orc hits you but does no damage.
The gnoll hits you but does no damage.
You feel less wooden.
Your +0 robe unmelds from your body.
The gnoll barely misses you.
The orc priest invokes the aid of Beogh against you.
Beogh smites you!
* * * LOW HITPOINT WARNING * * *
The orc barely misses you.
The gnoll hits you but does no damage. x2
Unknown command.
You aren't carrying any potions.
Unknown command.
The flow of time bends around you.
You feel slightly more hungry.
The orc hits you from afar with a +0 trident.
* * * LOW HITPOINT WARNING * * *
The gnoll closely misses you. x2
The orc hits you from afar with a +0 trident!
You die...

#..#.#.# #...(.#
##)#.#.# ###.).# #...#.#
#...# ##..#.#######...#
.>#.##...†....#
#####.##........#
#()....'#########
#.###.### #@# #.# #)#
#.# #.....ggo>#.#
#......o..#.# #....
#...........#
#....#####............
#..................###.#
#........?.........# #
+..................#


You could see an orc priest, 2 gnolls and an orc.

Vanquished Creatures
  A gnoll (D:3)
  4 adders
  A dart slug (D:1)
  3 leopard geckos
  2 orcs (D:3)
  4 bats
  3 giant cockroaches
  3 hobgoblins
  10 jackals
  3 frilled lizards
  7 goblins
  8 kobolds
  9 rats
58 creatures vanquished.

Notes
Turn   | Place    | Note
-------+----------+-------------------------------------------
     0 | D:1      | Amplified the Ogre Fire Elementalist began the quest for
                  | the Orb.
     0 | D:1      | Reached XP level 1. HP: 16/16 MP: 3/3
    82 | D:1      | Reached skill level 1 in Conjurations
   101 | D:1      | Reached skill level 1 in Fighting
   106 | D:1      | Reached XP level 2. HP: 25/27 MP: 0/5
   353 | D:1      | Reached XP level 3. HP: 27/35 MP: 0/7
   508 | D:1      | Found a snail-covered altar of Cheibriados.
   543 | D:1      | Became a worshipper of Cheibriados the Contemplative
   652 | D:1      | Learned a level 2 spell: Throw Flame
  1278 | D:2      | Reached * piety under Cheibriados
  1278 | D:2      | Reached XP level 4. HP: 38/44 MP: 1/9
  1744 | D:3      | Found a burning altar of Makhleb.
  1745 | D:3      | Found an ornate altar of the Wu Jian Council.
  1746 | D:3      | Found a basalt altar of Yredelemnul.
  1829 | D:3      | Found a faded altar of an unknown god.
  1870 | D:3      | Reached skill level 1 in Invocations
  1897 | D:3      | HP: 1/45 [orc/+0 trident (6)]
  1897 | D:3      | Mangled by an orc

Skill      XL: |  1  2  3  4 |
---------------+-------------+-----
Conjurations   | 1 |  1.5
Fighting       | 1 2 3 |  3.1
Spellcasting   | 3 |  3.6
Fire Magic     | 3 |  3.1
Invocations    | 1 |  1.0
Dodging        | |  1.7
Stealth        | |  1.4

Action                   |  1- 3 |  4- 6 || total
-------------------------+-------+-------++-------
Melee: Unarmed           |    55 |       ||    55
       Whip              |     2 |       ||     2
 Cast: Flame Tongue      |    54 |    45 ||    99
       Throw Flame       |       |     1 ||     1
Invok: Bend Time         |       |     1 ||     1
  Use: Potion            |     1 |     4 ||     5
       Scroll            |     4 |       ||     4
  Eat: Chunk             |     2 |     1 ||     3
Armor: Robe              |    21 |     8 ||    29
       Skin              |       |    66 ||    66
Dodge: Dodged            |    59 |    22 ||    81
